 Dungeon Crawl Stone Soup version 0.17-a0-377-gdd46233 (webtiles) character file.

101 Ryushun the Grave Robber (level 5, -1/37 HPs)
             Began as a Formicid Necromancer on Apr 1, 2015.
             Slain by a phantom (8 damage)
             ... on level 4 of the Dungeon.
             The game lasted 00:25:53 (4482 turns).

Ryushun the Grave Robber (Formicid Necromancer)     Turns: 4482, Time: 00:25:53

Health: -1/37      AC:  4    Str: 13    XL:     5   Next: 4%
Magic:  17/17      EV: 12    Int: 15    God:
Gold:   187        SH:  0    Dex: 11    Spells: 4 memorised, 1 level left

rFire  . . .     SeeInvis +     w - +1 spear (freeze)
rCold  . . .     Clarity  .     t - +0 leather armour
rNeg   . . .     SustAb   .     (no shield)
rPois  .         Gourm    .     (helmet unavailable)
rElec  .         Spirit   .     g - +0 cloak
rCorr  .         Warding  .     (no gloves)
rMut   .         Stasis   +     (no boots)
MR     .....                    (no amulet)
Stlth  ++........               (no ring)
                                C - ring of magical power

@: not resistant to hostile enchantments, unstealthy
A: permanent stasis, dig shafts and tunnels, four strong arms, antennae 3
a: Dig, Shaft Self


You were on level 4 of the Dungeon.
You were not hungry.

You visited 1 branch of the dungeon, and saw 4 of its levels.

You collected 187 gold pieces.

Inventory:

Hand weapons
 d - a +0 short sword
 e - a +0 club
 f - a +0 spear
 k - a +0 club
 m - a +3 whip
 n - a +0 short sword
 s - a +0 short sword
 w - a +1 spear of freezing (weapon)
 x - a +0 quarterstaff
 B - a +0 short sword
Missiles
 i - 52 bolts
 l - 12 poisoned needles
 p - a stone (quivered)
Armour
 a - a +0 robe
 g - a +0 cloak (worn)
 q - a +0 chain mail
 t - a +0 leather armour (worn)
 z - a +0 robe
 A - a +0 robe
Jewellery
 C - a ring of magical power (left hand)
Magical devices
 D - a wand of slowing (42)
Scrolls
 y - a scroll of remove curse
Potions
 h - 2 potions of might
 j - 2 potions of brilliance
Books
 b - a book of Necromancy

   Spells                             Type                      Level
   a - Pain                           Necromancy                   1
   b - Animate Skeleton               Necromancy                   1
   c - Vampiric Draining              Necromancy                   3
   d - Regeneration                   Charms/Necromancy            3
   e - Animate Dead                   Necromancy                   4
   f - Control Undead                 Necromancy                   4
Comestibles
 c - 2 bread rations
 v - 4 fruits


   Skills:
 * Level 1.0 Fighting
 * Level 1.0 Maces & Flails
 * Level 0.2 Polearms
 * Level 1.0 Throwing
 * Level 0.9 Armour
 * Level 2.0 Dodging
 * Level 2.8 Stealth
 * Level 1.4 Unarmed Combat
 * Level 3.0 Spellcasting
 + Level 4.1 Necromancy


You had one spell level left.
You knew the following spells:

 Your Spells              Type           Power        Failure   Level  Hunger
a - Pain                  Necr           ##..         6%          1    #......
b - Animate Skeleton      Necr           N/A          6%          1    #......
c - Vampiric Draining     Necr           ##........   17%         3    ###....
d - Animate Dead          Necr           N/A          56%         4    #####..


Dungeon Overview and Level Annotations

Branches:
Dungeon (4/15)
 Temple: D:4-7

Altars:
Cheibriados
Ru
Trog


Innate Abilities, Weirdness & Mutations

You are under a permanent stasis effect.
You can dig through walls and to a lower floor.
Your four strong arms can wield two-handed weapons with a shield.
You have a pair of large antennae on your head (SInv).


Message History

You barely miss the phantom.
The phantom is severely damaged.
The phantom hits you!
* * * LOW HITPOINT WARNING * * *
You closely miss the phantom.
The phantom is severely damaged.
The phantom hits you.
* * * LOW HITPOINT WARNING * * *
The phantom blinks!
The phantom blinks!
You see here a stone.
p - a stone You closely miss the phantom.
The phantom is severely damaged.
The phantom hits you.
* * * LOW HITPOINT WARNING * * *
You hit the phantom but do no damage.
The phantom is severely damaged.
The phantom hits you!
You die...

#..W....(#
#................
##....(..#
####.....###...#
#...{...##
#####.)...#
##..#....#
#..(..######
#..####.#
#.......(..# #..#
#.# #..........#
#..# #.#
#..........# #..#
#.# #..(..######
#..# ##.###..W@.#
##..###......(..(#
#...........(#####
###.###......#
####.# #...(..#
...#.# ########
...#.# ...#.#
########### .....#
#<........#


You could see a phantom.

Vanquished Creatures
  4 adders
  A worm (D:3)
  A giant gecko (D:2)
  An ooze (D:2)
  2 orcs (D:3)
  5 giant cockroaches
  4 hobgoblins
  A quokka (D:3)
  6 bats
  3 giant newts
  8 goblins
  5 kobolds
  6 rats
47 creatures vanquished.

Vanquished Creatures (collateral kills)
  An adder (D:3)
  2 bats
  2 giant cockroaches (D:2)
  A kobold (D:1)
6 creatures vanquished.

Vanquished Creatures (others)
  A giant newt skeleton (D:2)
  A goblin skeleton (D:4)
  A goblin zombie (D:4)
  A hobgoblin skeleton (D:1)
4 creatures vanquished.

Grand Total: 57 creatures vanquished

Notes
Turn   | Place    | Note
--------------------------------------------------------------
     0 | D:1      | Ryushun, the Formicid Necromancer, began the quest for the Orb.
     0 | D:1      | Reached XP level 1. HP: 13/13 MP: 3/3
    10 | D:1      | Learned a level 1 spell: Animate Skeleton
   317 | D:1      | Reached XP level 2. HP: 15/20 MP: 1/4
   443 | D:1      | Reached skill level 1 in Fighting
  1040 | D:1      | Reached XP level 3. HP: 24/26 MP: 3/5
  1106 | D:1      | Learned a level 3 spell: Vampiric Draining
  1448 | D:2      | Reached skill level 1 in Maces & Flails
  1960 | D:2      | Reached XP level 4. HP: 29/32 MP: 1/6
  2059 | D:2      | Reached skill level 1 in Unarmed Combat
  3038 | D:3      | Found a snail-covered altar of Cheibriados.
  3069 | D:3      | Found a sacrificial altar of Ru.
  3103 | D:3      | Reached skill level 1 in Throwing
  3413 | D:3      | Reached XP level 5. HP: 35/37 MP: 5/8
  3419 | D:3      | Learned a level 4 spell: Animate Dead
  3464 | D:3      | Found a bloodstained altar of Trog.
  4204 | D:4      | Noticed a phantom
  4482 | D:4      | Slain by a phantom

Action                   |  1- 3 |  4- 6 || total
-------------------------+-------+-------++-------
Melee: Spear             |    14 |    76 ||    90
       Whip              |    21 |     4 ||    25
Throw: Stone             |     1 |    28 ||    29
 Cast: Pain              |    34 |    20 ||    54
       Animate Skeleton  |     9 |     7 ||    16
       Animate Dead      |       |     4 ||     4
  Use: Scroll            |     2 |     8 ||    10
       Potion            |       |     4 ||     4
 Stab: Distracted        |       |     1 ||     1
  Eat: Meat ration       |     1 |       ||     1
       Chunk             |       |     3 ||     3
       Fruit             |       |     3 ||     3
       Bread ration      |       |     1 ||     1
